 Dungeon Crawl Stone Soup version 0.28-a0-595-g9f6c0e134a (webtiles) character file.

Game seed: 7660231463779316393

0 meatgazer the Skirmisher (level 1, -13/18 HPs)
             Began as a Demonspawn Abyssal Knight on Oct 4, 2021.
             Was a Follower of Lugonu.
             Mangled by a tentacle (21 damage)
             ... attached to a kraken
             ... on level 3 of the Abyss.
             The game lasted 00:00:16 (38 turns).

meatgazer the Skirmisher (Demonspawn Abyssal Knight)  Turns: 38, Time: 00:00:16

Health: -13/18     AC:  3    Str: 13    XL:     1   Next: 0%
Magic:  2/2        EV: 11    Int: 11    God:    Lugonu [*.....]
Gold:   26         SH:  0    Dex: 13    Spells: 0/0 levels left

rFire   . . .      SeeInvis .   a - +1 falchion
rCold   . . .      Faith    .   (no shield)
rNeg    . . .      Spirit   .   b - +0 leather armour
rPois   .          Reflect  .   (no helmet)
rElec   .          Harm     .   (no cloak)
rCorr   .          Rampage  .   (no gloves)
Will    .....                   (no boots)
Stlth   +.........              (no amulet)
HPRegen 0.06/turn               (no ring)
MPRegen 0.08/turn               (no ring)

@: no status effects
A: no striking features
a: Renounce Religion, Depart the Abyss


You were on level 3 of the Abyss.
You worshipped Lugonu.
Lugonu was aware of your devotion.
You visited 0 branches of the dungeon, and saw 0 of its levels.
You visited the Abyss 1 time.

You collected 26 gold pieces.

Inventory:

Hand Weapons
 a - a +1 falchion (weapon)
Missiles
 c - 5 javelins
Armour
 b - a +0 leather armour (worn)


   Skills:
 + Level 3.0 Fighting
 + Level 1.7 Long Blades
 + Level 1.7 Armour
 + Level 0.8 Dodging
 + Level 2.4 Invocations


You couldn't memorise any spells.
You didn't know any spells.
Your spell library was empty.

Dungeon Overview and Level Annotations

Branches:
Dungeon (0/15)

Altars:


Message History

Welcome, meatgazer the Demonspawn Abyssal Knight.
Will you be the one to retrieve the fabled Orb of Zot from the depths?
Lugonu says: Depart the Abyss and spread corruption, my servant! (use the ability menu to exit the Abyss) Press ? for a list of commands and other information.
Found 7 gold pieces.
Found a corrupted altar of Lugonu.
Found a gateway leading out of the Abyss.
You now have 7 gold pieces.
Found 5 javelins.
Found a gateway leading deeper into the Abyss.
There is a gateway leading deeper into the Abyss here.
You see here 5 javelins.
c - 5 javelins You plunge deeper into the Abyss.
You now have 26 gold pieces (gained 19).
Found a gateway leading deeper into the Abyss.
Found 29 gold pieces.
There is a gateway leading deeper into the Abyss here.
You plunge deeper into the Abyss.
The abyssal rune of Zot can be found at this depth.
Found a corrupted altar of Lugonu.
Tentacles burst out of the water!
The ghost crab breathes spectral mist at you.
The spectral mist engulfs you but does no damage. 4 tentacles come into view.
You are engulfed in spectral mist.
The tentacle is engulfed in spectral mist.
The tentacle is engulfed in spectral mist. x2
The tentacle slaps you.
The tentacle is engulfed in spectral mist.
The tentacle slaps you!!
Ouch! That really hurt!
You die...

#. .. ##.#
######.#..#.#.#
.........#.....
...........
......... .
#.....# ..
#.....# .#.#
###@##
.....#.ww○##
.._...<<§☼.#...
.....wZ>>☼☼.....
....<#││Z☼.#....
....○*││........#
##○≈≈≈X≈≈###....
.t≈≈≈≈≈≈≈≈ ...
###≈≈≈≈≈≈≈## ...


You could see a kraken, a ghost crab, 3 tentacles, a spectral golden dragon
(summoned) and a spectral titan (summoned).

Vanquished Creatures (others)
  A tentacle (Abyss:3)
1 creature vanquished.

Notes
Turn   | Place    | Note
-------+----------+-------------------------------------------
     0 | Abyss:1  | meatgazer the Demonspawn Abyssal Knight began the quest for
                  | the Orb.
     0 | Abyss:1  | Reached XP level 1. HP: 18/18 MP: 2/2
    35 | Abyss:3  | Noticed a ghost crab
    35 | Abyss:3  | Noticed a kraken
    35 | Abyss:3  | Found a corrupted altar of Lugonu.
    38 | Abyss:3  | Noticed a spectral golden dragon
    38 | Abyss:3  | Noticed a spectral titan
    38 | Abyss:3  | Mangled by a tentacle

Illustrated notes

Levels and vault maps discovered:
Abyss:3:  base: Temple, minivault_22,
          evilmike_nicolae_abyss_rune_betentacled_crabyss

Table legend: (Time is in decaauts)
 A = Elapsed time spent in this place.
 B = Non-inter-level travel time spent in this place.
 C = Inter-level travel time spent in this place.
 D = Time resting spent in this place.
 E = Time spent auto-exploring this place.
 F = Levels seen in this place.
 G = Mean time per level.
                   A        B        C        D        E       F      G
               +--------+--------+--------+--------+--------+-----+--------+
         Total |     37 |     37 |      0 |      0 |     22 |   3 |   12.3 |
         Abyss |     37 |     37 |      0 |      0 |     22 |   3 |   12.3 |
               +--------+--------+--------+--------+--------+-----+--------+

Top non-repeatable levels by time:
 Abyss:2: 17 daAuts
 Abyss:1: 17 daAuts
 Abyss:3: 2 daAuts
